 Dungeon Crawl Stone Soup version 0.19.1-1-g22dce08 (webtiles) character file.

285 empire the Gusty (level 6, 0/45 HPs)
             Began as a Draconian Air Elementalist on Jan 4, 2017.
             Was a Follower of Sif Muna.
             Succumbed to a worker ant's poison
             ... on level 4 of the Dungeon on Jan 5, 2017.
             The game lasted 00:11:29 (4932 turns).

empire the Gusty (Draconian Air Elementalist)       Turns: 4932, Time: 00:11:29

Health: 0/45       AC:  7    Str:  7 (10) XL:     6   Next: 7%
Magic:  1/11       EV: 12    Int: 16 (17) God:    Sif Muna [*.....]
Gold:   144        SH:  0    Dex: 11 (12) Spells: 3 memorised, 7 levels left

rFire  . . .     SeeInvis .     a - -2 short sword (curse)
rCold  . . .     Gourm    .     (armour unavailable)
rNeg   . . .     Faith    .     (no shield)
rPois  .         Spirit   .     (helmet restricted)
rElec  .         Reflect  .     (no cloak)
rCorr  .         Harm     .     i - +0 pair of gloves
MR     +....                    (no boots)
Stlth  ++........               (no amulet)
                                (no ring)
                                m - ring of protection from magic

@: lethally poisoned (0 -> -2)
A: unfitting armour, cold-blooded, AC +6
a: Divine Energy, Renounce Religion


You were on level 4 of the Dungeon.
You worshipped Sif Muna.
Sif Muna was aware of your devotion.
You were hungry.

You visited 2 branches of the dungeon, and saw 5 of its levels.

You collected 144 gold pieces.

Inventory:

Hand Weapons
 a - a cursed -2 short sword (weapon)
 l - a +2 dagger of flaming
Armour
 i - a +0 pair of gloves (worn)
Jewellery
 m - a ring of protection from magic (left hand)
Wands
 n - a wand of paralysis (14/24)
Scrolls
 e - a scroll of blinking
 g - a scroll of amnesia
Books
 c - a book of Air

   Spells                             Type                      Level
   a - Shock                          Conjuration/Air              1
   b - Swiftness                      Charms/Air                   2
   c - Repel Missiles                 Charms/Air                   2
   d - Static Discharge               Conjuration/Air              3
   e - Lightning Bolt                 Conjuration/Air              5
Comestibles
 b - 4 bread rations
 f - a beef jerky
 k - 2 meat rations


   Skills:
 - Level 1.7 Dodging
 - Level 1.7 Stealth
 + Level 3.8 Spellcasting
 - Level 4.0 Conjurations
 - Level 4.0 Air Magic


You had 7 spell levels left.
You knew the following spells:

 Your Spells              Type           Power        Failure   Level  Hunger
a - Shock                 Conj/Air       ###.         3%          1    None
b - Swiftness             Chrm/Air       #.......     12%         2    ##.....
c - Repel Missiles        Chrm/Air       #.....       12%         2    ##.....


Dungeon Overview and Level Annotations

Branches:
Dungeon (4/15)             Temple (1/1) D:4

Altars:
Ru
Sif Muna
Zin
The Shining One


Innate Abilities, Weirdness & Mutations

Your plain brown scales are hard. (AC +6)
You cannot fit into any form of body armour.
You are cold-blooded and may be slowed by cold attacks.


Message History

* * * LOW HITPOINT WARNING * * *
You feel sick.
There is a staircase back to the Dungeon here.
You climb upwards.
Welcome back to the Dungeon!
The adder hisses angrily.
* * * LOW HITPOINT WARNING * * *
You feel sick. The phantom closely misses you.
The phantom hits you but does no damage.
There is a staircase to the Ecumenical Temple here.
The phantom barely misses you.
The phantom blinks!
Casting: Shock
Confirm with . or Enter, or press ? or * to list all spells.
Okay, then.
Unknown command.
Unknown command.
Casting: Shock
Confirm with . or Enter, or press ? or * to list all spells.
You don't have enough magic to cast that spell.
You die...

###... ##... ##.... #....
#.... #.... #..W #....
...... #..# #.... h.h..?
##.§# #.... ...... #..>#
##... ......##.†.# ####...
. ......#@..##### ##......
.. hsh...#.S.....###..#....
...######.h......[...##....
#....................##....
.................######..(.
#<###.......#.### ##...
#..#...###.# #####..
#..##........ #....<.
....#....###... .........


You could see a phantom, an adder and a jackal.

Vanquished Creatures
  A howler monkey (D:4)
  A hound (D:3)
  A worker ant (Temple)
  Robin (D:3)
  8 adders
  A worm (D:3)
  A dart slug (D:2)
  3 leopard geckos
  6 orcs (D:3)
  5 giant cockroaches
  17 goblins
  11 hobgoblins
  8 jackals
  3 quokkas
  9 bats
  7 frilled lizards
  4 kobolds
  5 rats
92 creatures vanquished.

Notes
Turn   | Place    | Note
-------+----------+-------------------------------------------
     0 | D:1      | empire the Draconian Air Elementalist began the quest for the Orb.
     0 | D:1      | Reached XP level 1. HP: 14/14 MP: 3/3
   808 | D:1      | Reached XP level 2. HP: 20/20 MP: 1/5
  2032 | D:2      | Reached XP level 3. HP: 26/26 MP: 6/6
  2660 | D:2      | Reached XP level 4. HP: 30/33 MP: 3/7
  3058 | D:3      | Found a sacrificial altar of Ru.
  3238 | D:3      | Found a glowing golden altar of the Shining One.
  3238 | D:3      | Found a glowing silver altar of Zin.
  3239 | D:3      | Found a deep blue altar of Sif Muna.
  3244 | D:3      | Became a worshipper of Sif Muna the Loreminder
  3338 | D:3      | Reached XP level 5. HP: 23/38 MP: 0/8
  3342 | D:3      | Learned a level 2 spell: Swiftness
  3345 | D:3      | Learned a level 2 spell: Repel Missiles
  4197 | D:3      | Noticed Robin
  4206 | D:3      | Killed Robin
  4805 | D:4      | Found a staircase to the Ecumenical Temple.
  4821 | D:4      | Reached * piety under Sif Muna
  4829 | D:4      | Noticed a phantom
  4829 | Temple   | Entered the Ecumenical Temple
  4921 | Temple   | Reached XP level 6. HP: 7/45 MP: 3/11
  4925 | Temple   | HP: 2/45 [poisoned by a worker ant]
  4932 | D:4      | Succumbed to a worker ant's poison

Skill      XL: |  1  2  3  4  5 |
---------------+----------------+-----
Conjurations   | 2 3 4 |  4.0
Air Magic      | 4 |  4.0
Spellcasting   | 3 |  3.8
Dodging        | |  1.7
Stealth        | |  1.7

Action                   |  1- 3 |  4- 6 || total
-------------------------+-------+-------++-------
Melee: Unarmed           |    14 |       ||    14
       Short sword       |   100 |    57 ||   157
       Tailslap          |    11 |     6 ||    17
 Cast: Shock             |    48 |   104 ||   152
  Use: Scroll            |     5 |     3 ||     8
       Potion            |       |     2 ||     2
 Stab: Sleeping          |     3 |     3 ||     6
  Eat: Chunk             |     6 |     8 ||    14
Armor: Skin              |    63 |    59 ||   122
Dodge: Dodged            |    97 |    98 ||   195
